 Dungeon Crawl Stone Soup version 0.30.1-9-gdf580d7c3d (webtiles) character file.

Game seed: 7235739381160177143

7 Jerry the Shield-Bearer (level 2, 0/16 HPs)
             Began as a Vine Stalker Fighter on Sept 28, 2023.
             Slain by a quokka (3 damage)
             ... on level 1 of the Dungeon.
             The game lasted 00:01:12 (118 turns).

Jerry the Shield-Bearer (Vine Stalker Fighter)       Turns: 118, Time: 00:01:12

Health: 0/16       AC:  6    Str: 18    XL:     2   Next: 4%
Magic:  0/3        EV:  9    Int:  8    God:
Gold:   17         SH:  9    Dex: 13    Spells: 1/1 levels left

rFire   . . .        a - +0 rapier
rCold   . . .        c - +0 buckler
rNeg    . . .        b - +0 scale mail
rPois   .            (no helmet)
rElec   .            (no cloak)
rCorr   .            (no gloves)
SInv    .            (no boots)
Will    .....        e - amulet of reflection Stlth
                     (no ring)
HPRegen 0.22/turn    (no ring)
MPRegen 0.08/turn

%: reflection, guardian spirit
@: mighty
A: fangs 2, magic shield, antimagic bite, no potion heal 2
a: no special abilities


You were on level 1 of the Dungeon.
You visited 1 branch of the dungeon, and saw 1 of its levels.

You collected 17 gold pieces.

Inventory:

Hand Weapons
 a - a +0 rapier (weapon)
Armour
 b - a +0 scale mail (worn)
 c - a +0 buckler (worn)
Jewellery
 e - an amulet of reflection (around neck)
Scrolls
 f - 3 scrolls of blinking {unknown}


   Skills:
 + Level 2.8 Fighting
 + Level 1.9 Short Blades
 + Level 2.5 Armour
 + Level 0.7 Stealth
 + Level 2.8 Shields


You had one spell level left.
You didn't know any spells.
Your spell library was empty.

Dungeon Overview and Level Annotations

Branches:
Dungeon (1/15)

Altars:


Innate Abilities, Weirdness & Mutations

You have extremely sharp teeth.
When hurt, damage is shared between your health and your magic reserves.
Your bite disrupts and absorbs the magic of your enemies.
Potions cannot restore your health.


Message History

You are too injured to fight recklessly!
You are too injured to fight recklessly!
The endoplasm attacks as you move away! You block the endoplasm's attack.
The endoplasm attacks as you move away! You block the endoplasm's attack.
The endoplasm attacks as you move away! The endoplasm hits you.
The goblin attacks as you move away! You block the goblin's attack.
The endoplasm attacks as you move away! You block the endoplasm's attack.
The endoplasm attacks as you move away! You block the endoplasm's attack.
Things that are here:
a +0 club; a goblin corpse You are too injured to fight recklessly!
You are too injured to fight recklessly!
You are too injured to fight recklessly!
You hit the endoplasm.
The endoplasm is almost dead.
The endoplasm hits you but does no damage.
You hit the endoplasm.
You kill the endoplasm!
You block the goblin's attack. The endoplasm freezes you.
You are frozen.
* * * LOW HITPOINT WARNING * * *
You have reached level 2!
You hit the endoplasm.
The endoplasm is heavily wounded.
The endoplasm freezes you.
You are frozen.
* * * LOW HITPOINT WARNING * * *
The goblin hits you with a +0 club.
* * * LOW HITPOINT WARNING * * *
A quokka comes into view.
The endoplasm attacks as you move away!
The endoplasm hits you but does no damage.
The quokka attacks as you move away!
The quokka bites you but does no damage.
You feel very mighty all of a sudden. You block the quokka's attack.
You miss the quokka. You bite the quokka, but do no damage.
The quokka bites you.
You die...

#..........##..
#.............
#...........# #
#..........## #.
##........### #.#
##.........## .#...##
###.†.##...####
.......###.).#####......
#.@rJ.### #......
####g...# #####). #....#
##. #....# ##. #....#
###.... .###..# #>..###
. .... ..... # .. ....
......# ......#


You could see an endoplasm, a quokka and a goblin.

Vanquished Creatures
  2 endoplasms (D:1)
  A goblin (D:1)
  A quokka (D:1)
  A bat (D:1)
  A kobold (D:1)
  A rat (D:1)
7 creatures vanquished.

Notes
Turn   | Place    | Note
-------+----------+-------------------------------------------
     0 | D:1      | Jerry the Vine Stalker Fighter began the quest for the Orb.
     0 | D:1      | Reached XP level 1. HP: 11/11 MP: 2/2
   112 | D:1      | Reached XP level 2. HP: 5/16 MP: 1/3
   118 | D:1      | Slain by a quokka

Illustrated notes

Levels and vault maps discovered:
D:1:      lightli_arrival_chessboard, layout_rooms, minmay_misc_feat_room

Action                     || total
---------------------------++-------
  Melee: Rapier            ||    18
         Bite              ||     7
    Use: Potion            ||     1
 Armour: Scale mail        ||    10
  Dodge: Dodged            ||     4
  Block: Buckler           ||    15
